 Dungeon Crawl Stone Soup version 0.27-a0-54-g64bdb92e38 (webtiles) character file.

Game seed: 17345925816806944582

515 Conn the Sneak (level 7, 0/43 HPs)
             Began as an Octopode Fire Elementalist on Jan 7, 2021.
             Succumbed to a scorpion's poison
             ... on level 4 of the Dungeon.
             The game lasted 00:09:33 (4692 turns).

Conn the Sneak (Octopode Fire Elementalist)         Turns: 4692, Time: 00:09:33

Health: 0/43       AC:  3    Str:  9    XL:     7   Next: 20%
Magic:  12/12      EV: 18    Int: 20    God:
Gold:   208        SH:  0    Dex: 12    Spells: 9/13 levels left

rFire    . . .     SeeInvis .   a - +0 dagger
rCold    . . .     Faith    .   (no shield)
rNeg     . . .     Spirit   .   (helmet restricted)
rPois    .         Reflect  .   o - amulet of magic regeneration
rElec    .         Harm     .   g - +4 ring of evasion
rCorr    .         Rampage  .   (no ring)
Will     +....                  (no ring)
Stlth    ++++......             (no ring)
HPRegen  0.14/turn              (no ring)
MPRegen  0.38/turn              (no ring)
                                (no ring)
                                (no ring)

@: lethally poisoned (0 -> -13)
A: almost no armour, stealthy swim, amphibious, 8 rings, constrict 8, icy blue
scales 1, camouflage 1, strong-willed 1, strong 1, gelatinous body 1
a: no special abilities


You were on level 4 of the Dungeon.
You visited 1 branch of the dungeon, and saw 4 of its levels.

You collected 208 gold pieces.

Inventory:

Hand Weapons
 a - a +0 dagger (weapon)
Missiles
 l - 6 poisoned darts
Jewellery
 c - an uncursed amulet of regeneration
 d - an uncursed amulet of faith
 g - a +4 ring of evasion (left tentacle)
 o - an amulet of magic regeneration (around mantle)
Scrolls
 e - 5 scrolls of identify
 i - a scroll of remove curse
 j - a scroll of fog
 k - a scroll of magic mapping
 m - a scroll of random uselessness


   Skills:
 + Level 1.1 Fighting
 + Level 2.0 Short Blades
 + Level 2.9 Dodging
 + Level 5.0 Stealth
 + Level 3.6 Spellcasting
 + Level 2.9 Conjurations
 + Level 4.4 Fire Magic


You had 9 spell levels left.
You knew the following spells:

 Your Spells              Type           Power        Failure   Level
a - Foxfire               Conj/Fire      72%          3%          1
b - Conjure Flame         Conj/Fire      18%          9%          3

Your spell library contained the following spells:

 Spells                   Type           Power        Failure   Level
 Inner Flame              Hex/Fire       12%          16%         3
 Sticky Flame             Conj/Fire      18%          28%         4
 Fireball                 Conj/Fire      9%           63%         5


Dungeon Overview and Level Annotations

Branches:
Dungeon (4/15)
 Temple: D:4-7

Altars:
Elyvilon
Ru


Innate Abilities, Weirdness & Mutations

You cannot wear most types of armour.
You are very stealthy in the water. (Stealth+)
You are amphibious.
You can wear up to eight rings at the same time.
You can use your tentacles to constrict eight enemies at once.
Your skin changes colour to match your surroundings (Stealth+).
Your rubbery body absorbs attacks. (AC +1, EV +1)
You are partially covered in icy blue scales. (AC +2)
You are strong-willed. (Will+)
Your muscles are strong. (Str +2)


Message History

You aren't carrying any armour which can be enchanted further.
You feel sick. The scorpion stings you!
* * * LOW HITPOINT WARNING * * *
You are more poisoned.
The scorpion poisons you!
You aren't carrying any potions.
As you read the scroll labelled EJIGHA GAOFROR, it crumbles to dust.
You assume a fearsome visage.
The scorpion looks frightened!
It was a scroll of fear.
* * * LOW HITPOINT WARNING * * *
You feel sick.
You aren't carrying any potions.
As you read the scroll labelled YSTILE RAKHA, it crumbles to dust.
You hear a loud clanging noise!
It was a scroll of noise.
* * * LOW HITPOINT WARNING * * *
You feel sick.
* * * LOW HITPOINT WARNING * * *
You feel sick.
You die...

##.'..#).#..'..#
#.'..#(.#..'..#
###♣.)###.♣##.#
♣.§§...♣ #.#
♣♣♣v§♣♣♣ #.#
#####''## #.#
.........# #.#
#####.##.####.#####
#. #......†@..#
#.#######.###.#
#.........# #.#
########## #.# #s#
..# ###


There were no monsters in sight!

Vanquished Creatures
  Menkaure (D:4)
  A scorpion (D:4)
  A howler monkey (D:4)
  3 orc priests (D:4)
  2 orc wizards (D:4)
  3 worker ants
  2 adders
  An ooze (D:2)
  A dart slug (D:1)
  A worm (D:4)
  2 leopard geckos
  9 orcs
  8 bats
  2 giant cockroaches
  4 goblins
  6 hobgoblins
  2 jackals (D:1)
  6 kobolds
  2 ball pythons
  3 frilled lizards
  A jackal skeleton (D:4)
  10 rats
71 creatures vanquished.

Vanquished Creatures (others)
  148 foxfires
148 creatures vanquished.

Grand Total: 219 creatures vanquished

Notes
Turn   | Place    | Note
-------+----------+-------------------------------------------
     0 | D:1      | Conn the Octopode Fire Elementalist began the quest for the
                  | Orb.
     0 | D:1      | Reached XP level 1. HP: 11/11 MP: 3/3
   294 | D:1      | Reached XP level 2. HP: 8/17 MP: 3/5
   896 | D:1      | Reached skill level 3 in Stealth
  1237 | D:1      | Reached XP level 3. HP: 19/21 MP: 6/6
  1529 | D:2      | Learned a level 3 spell: Conjure Flame
  2023 | D:2      | Found a sacrificial altar of Ru.
  2023 | D:2      | Found a white marble altar of Elyvilon.
  2303 | D:3      | Reached XP level 4. HP: 27/27 MP: 3/7
  2977 | D:3      | Reached skill level 1 in Short Blades
  3027 | D:3      | Reached skill level 4 in Stealth
  3594 | D:4      | Reached XP level 5. HP: 32/32 MP: 6/9
  3649 | D:4      | Gained mutation: You are strong-willed. (Will+) [potion of
                  | mutation]
  3649 | D:4      | Gained mutation: You are partially covered in icy blue
                  | scales. (AC +2) [potion of mutation]
  3649 | D:4      | Gained mutation: Your muscles are strong. (Str +2) [potion
                  | of mutation]
  3929 | D:4      | Noticed Menkaure
  3946 | D:4      | Killed Menkaure
  3947 | D:4      | Reached XP level 6. HP: 8/37 MP: 7/10
  4292 | D:4      | Reached skill level 1 in Fighting
  4342 | D:4      | Reached XP level 7. HP: 9/43 MP: 7/12
  4558 | D:4      | Reached skill level 5 in Stealth
  4690 | D:4      | HP: 2/43 [poisoned by a scorpion]
  4692 | D:4      | Succumbed to a scorpion's poison

Illustrated notes

Levels and vault maps discovered:
D:1:      dpeg_arrival_signposts, layout_loops_ring, minmay_misc_feat_columns
D:2:      layout_loops_cross, gammafunk_temple_overflow_wave
D:3:      layout_basic
D:4:      layout_loops_ring, kennysheep_generic_room_7, uniq_menkaure

Skill      XL: |  1  2  3  4  5  6  7 |
---------------+----------------------+-----
Stealth        | 3 4 5 |  5.0
Short Blades   | 1 2 |  2.0
Conjurations   | 2 |  2.9
Spellcasting   | 3 |  3.6
Fire Magic     | 4 |  4.4
Fighting       | 1 |  1.1
Dodging        | |  2.9

Action                   |  1- 3 |  4- 6 |  7- 9 || total
-------------------------+-------+-------+-------++-------
Melee: Dagger            |    38 |    39 |     7 ||    84
       Constrict         |     9 |    10 |     3 ||    22
       Tentacles         |     2 |     7 |     1 ||    10
       Unarmed           |     1 |       |       ||     1
 Cast: Foxfire           |    29 |    47 |    15 ||    91
       Conjure Flame     |       |     1 |       ||     1
  Use: Scroll            |     5 |     1 |     5 ||    11
       Potion            |       |     5 |       ||     5
 Stab: Sleeping          |    11 |     3 |       ||    14
Armor: Skin              |     4 |     3 |     2 ||     9
Dodge: Dodged            |    28 |    30 |    11 ||    69

Table legend: (Time is in decaauts)
 A = Elapsed time spent in this place.
 B = Non-inter-level travel time spent in this place.
 C = Inter-level travel time spent in this place.
 D = Time resting spent in this place.
 E = Time spent auto-exploring this place.
 F = Levels seen in this place.
 G = Mean time per level.
                   A        B        C        D        E       F      G
               +--------+--------+--------+--------+--------+-----+--------+
         Total |   4683 |   4588 |     95 |   1304 |   2438 |   4 | 1170.8 |
       Dungeon |   4683 |   4588 |     95 |   1304 |   2438 |   4 | 1170.8 |
               +--------+--------+--------+--------+--------+-----+--------+

Top non-repeatable levels by time:
     D:1: 1523 daAuts
     D:3: 1349 daAuts
     D:4: 1119 daAuts
     D:2: 691 daAuts
